 Dungeon Crawl Stone Soup version 0.28-a0-265-g048bc9fd10 (webtiles) character file.

Game seed: 6329090737157743633

340 robertstho the Magician (level 6, -6/43 HPs)
             Began as a Djinni Fire Elementalist on Aug 27, 2021.
             Mangled by Terence (15 damage)
             ... on level 3 of the Dungeon.
             The game lasted 00:05:20 (4027 turns).

robertstho the Magician (Djinni Fire Elementalist)  Turns: 4027, Time: 00:05:20

Health: -6/43      AC:  3    Str:  7    XL:     6   Next: 87%
Gold:   113        EV: 12    Int: 19    God:
                   SH:  0    Dex: 13

rFire   + + .      SeeInvis .   n - +0 flail
rCold   x . .      Faith    .   (no shield)
rNeg    . . .      Spirit   .   a - +0 robe
rPois   ∞          Reflect  .   (no helmet)
rElec   .          Harm     .   g - +0 cloak
rCorr   .          Rampage  .   (no gloves)
Will    .....                   (boots unavailable)
Stlth   +.........              (no amulet)
HPRegen 0.14/turn               (no ring)
MPRegen 0.00/turn               (no ring)

@: confused, weak-willed, ambrosia-drunk, flying, very slightly contaminated
A: sickness immunity, fire resistance 2, cold vulnerability 1, float, innate
caster, hp casting, extra vitality 1
a: no special abilities


You were on level 3 of the Dungeon.
You visited 1 branch of the dungeon, and saw 3 of its levels.

You collected 113 gold pieces.

Inventory:

Hand Weapons
 n - a +0 flail (weapon)
Armour
 a - a +0 robe (worn)
 g - a +0 cloak (worn)
Scrolls
 d - 2 scrolls of identify
 h - a scroll of magic mapping {unknown}
 k - 2 scrolls of immolation
 l - a scroll of amnesia {unknown}
 m - a scroll of noise {unknown}
Potions
 b - a potion of degeneration {unknown}
 c - a potion of brilliance {unknown}
 e - a potion of mutation {unknown}
 i - a potion of curing {unknown}
 j - a potion of haste {unknown}


   Skills:
 * Level 2.2 Fighting
 + Level 2.3 Dodging
 + Level 2.1 Stealth
 * Level 4.9 Spellcasting


You couldn't memorise any spells.
You knew the following spells:

 Your Spells              Type           Power      Damage    Failure   Level
a - Foxfire               Conj/Fire      92%        2x1d8     1%          1
b - Conjure Flame         Conj/Fire      23%        6-21      4%          3
c - Inner Flame           Hex/Fire       23%        N/A       4%          3
d - Sticky Flame          Conj/Fire      23%        2d4       16%         4
e - Fireball              Conj/Fire      11%        3d7       41%         5
f - Animate Skeleton      Necr           46%        N/A       1%          1
g - Blink                 Tloc           N/A        N/A       2%          2
Your spell library was empty.

Dungeon Overview and Level Annotations

Branches:
Dungeon (3/15)

Altars:
Elyvilon
Qazlal
Trog
Xom

Shops:
D:1 *?

Annotations:
D:3 Grinder, Jessica, Terence


Innate Abilities, Weirdness & Mutations

You are immune to sickness and miasma.
You are immune to poison.
Your flesh is very heat resistant. (rF++)
You are vulnerable to cold. (rC-)
You float through the air rather than walking.
You learn spells naturally, not from books.
Your magical power is your life essence.
You have superior vitality. (+4 HP)


Message History

The spell is quite dangerous to cast (16% risk of failure)!
Continue anyway? [Y]es or [N]o only, please.
The spell is quite dangerous to cast (16% risk of failure)!
Continue anyway?
Okay, then.
Casting: Sticky Flame (quite dangerous; 16% risk of failure)
Confirm with . or Enter, or press ? or * to list all spells.
The spell is quite dangerous to cast (16% risk of failure)!
Continue anyway?
Aiming: Sticky Flame (quite dangerous; 16% risk of failure)
Press: ? - help, Shift-Dir - straight line Out of range.
Okay, then.
Casting: Sticky Flame (quite dangerous; 16% risk of failure)
Confirm with . or Enter, or press ? or * to list all spells.
The spell is quite dangerous to cast (16% risk of failure)!
Continue anyway?
Aiming: Sticky Flame (quite dangerous; 16% risk of failure)
Press: ? - help, Shift-Dir - straight line, f - Terence
Aim: Terence, wielding a +0 morningstar and wearing a +0 chain mail (heavily wounded, 100% to hit)
You miscast Sticky Flame.
Energy rips through your body!
Jessica gestures wildly while chanting.
Jessica blinks!
An orc wizard comes into view. It is wielding a +0 dagger.
Terence hits you with a +0 morningstar.
Grinder comes into view.
Unknown command.
Jessica mumbles some strange words.
Jessica blinks!
As you read the scroll labelled VOMUKHL XIEQUOTT, it crumbles to dust.
It is a scroll of identify.
k - 2 scrolls of immolation The orc wizard shouts!
Terence closely misses you.
As you read the scroll labelled JOTHRO QOEMUSS, it crumbles to dust.
Magic quickly surges around you.
It was a scroll of vulnerability.
Terence says, "How do you enjoy it?" Terence hits you with a +0 morningstar!
* * * LOW HITPOINT WARNING * * *
It was a potion of ambrosia.
You are confused.
You feel invigorated. Terence hits you with a +0 morningstar!
You die...

..###...## ######...>#
###...#.#####..[...§###
....###....[..##..#.#
##.## ###....#......#
#..######....÷...#.##
..###.........#....#
.####.###........###
.##...###........#
.....##.....####@#
.#.>........####@###
........>.)....oo..#
..###.......###.5..#
#...#....#..##...###
##........#.....o#
###...............
................@..
.......#.........<..


You could see Grinder (weak-willed), Terence (weak-willed), an orc wizard
(weak-willed), Jessica and 2 orcs.

Vanquished Creatures
  A black bear (D:3)
  An ogre (D:3)
  Natasha (thrice) (D:3)
  2 adders (D:2)
  2 worms
  3 dart slugs
  An orc (D:3)
  4 ball pythons
  8 bats
  4 endoplasms
  3 giant cockroaches
  5 goblins
  7 hobgoblins
  2 jackals (D:2)
  5 quokkas
  4 frilled lizards
  8 kobolds
  7 rats
70 creatures vanquished.

Vanquished Creatures (collateral kills)
  20 foxfires
20 creatures vanquished.

Vanquished Creatures (others)
  2 demonic plants (D:2)
  343 foxfires
  A fungus (D:2)
  4 toadstools (D:1)
  A withered plant (D:2)
351 creatures vanquished.

Grand Total: 441 creatures vanquished

Notes
Turn   | Place    | Note
-------+----------+-------------------------------------------
     0 | D:1      | robertstho the Djinni Fire Elementalist began the quest for
                  | the Orb.
     0 | D:1      | Reached XP level 1. HP: 15/15 MP: 0/0
    73 | D:1      | Reached XP level 2. HP: 7/22 MP: 0/0
   309 | D:1      | Reached skill level 1 in Fighting
   789 | D:1      | Found Veyxtee's Magic Scroll Shop.
   864 | D:1      | Reached XP level 3. HP: 23/27 MP: 0/0
   864 | D:1      | Learned a level 1 spell: Animate Skeleton
  1088 | D:1      | Found Juokh's Assorted Antiques.
  1374 | D:2      | Reached skill level 3 in Spellcasting
  1509 | D:2      | Found a faded altar of an unknown god.
  1652 | D:2      | Found a bloodstained altar of Trog.
  1930 | D:2      | Reached XP level 4. HP: 28/32 MP: 0/0
  2861 | D:3      | Found a shimmering altar of Xom.
  3134 | D:3      | Noticed a black bear
  3144 | D:3      | Killed a black bear
  3145 | D:3      | Reached skill level 4 in Spellcasting
  3145 | D:3      | Reached XP level 5. HP: 23/38 MP: 0/0
  3145 | D:3      | Learned a level 2 spell: Blink
  3273 | D:3      | Found a stormy altar of Qazlal.
  3325 | D:3      | Noticed Natasha
  3327 | D:3      | Noticed an ogre
  3348 | D:3      | Killed Natasha
  3349 | D:3      | Reached XP level 6. HP: 20/43 MP: 0/0
  3358 | D:3      | Killed an ogre
  3555 | D:3      | Found a white marble altar of Elyvilon.
  3674 | D:3      | Noticed Natasha
  3677 | D:3      | Killed Natasha
  3755 | D:3      | Noticed Natasha
  3759 | D:3      | Killed Natasha
  4011 | D:3      | Noticed Terence
  4015 | D:3      | Noticed Jessica
  4022 | D:3      | Noticed Grinder
  4027 | D:3      | Mangled by Terence

Illustrated notes

Levels and vault maps discovered:
D:1:      ldierk_water_garden, layout_rooms, serial_shops, shop_fountains, shop,
          minmay_pentomino_q4
D:2:      layout_basic, shapermc_ecumenical_altar_gd, basic_altar
D:3:      layout_rooms, mainiacjoe_overflow_catch_the_wave,
          nicolae_elyvilon_peaceful_grove, uniq_natasha, uniq_terence,
          uniq_jessica, uniq_grinder

Skill      XL: |  1  2  3  4  5 |
---------------+----------------+-----
Fighting       | 1 2 |  2.2
Spellcasting   | 3 4 |  4.9
Stealth        | 2 |  2.1
Dodging        | |  2.3

Action                   |  1- 3 |  4- 6 || total
-------------------------+-------+-------++-------
 Cast: Foxfire           |   104 |   125 ||   229
       Sticky Flame      |       |     1 ||     1
       Conjure Flame     |       |     1 ||     1
  Use: Scroll            |       |     2 ||     2
       Potion            |       |     1 ||     1
Armor: Robe              |     2 |     2 ||     4
Dodge: Dodged            |     5 |    14 ||    19

Table legend: (Time is in decaauts)
 A = Elapsed time spent in this place.
 B = Non-inter-level travel time spent in this place.
 C = Inter-level travel time spent in this place.
 D = Time resting spent in this place.
 E = Time spent auto-exploring this place.
 F = Levels seen in this place.
 G = Mean time per level.
                   A        B        C        D        E       F      G
               +--------+--------+--------+--------+--------+-----+--------+
         Total |   4026 |   3960 |     66 |      0 |   3505 |   3 | 1342.0 |
       Dungeon |   4026 |   3960 |     66 |      0 |   3505 |   3 | 1342.0 |
               +--------+--------+--------+--------+--------+-----+--------+

Top non-repeatable levels by time:
     D:2: 1511 daAuts
     D:1: 1343 daAuts
     D:3: 1171 daAuts
